 Dungeon Crawl Stone Soup version 0.26-a0-784-g51bffae0b1 (webtiles) character file.

Game seed: 15366288114202104547

13 Peloso the Covered (level 2, -1/27 HPs)
             Began as a Minotaur Fighter on Nov 10, 2020.
             Slain by Sigmund
             ... wielding a +0 scythe
              (6 damage)
             ... on level 2 of the Dungeon.
             The game lasted 00:01:35 (1182 turns).

Peloso the Covered (Minotaur Fighter)               Turns: 1182, Time: 00:01:35

Health: -1/27      AC:  7    Str: 18 (20) XL:     2   Next: 24%
Magic:  1/1        EV:  7    Int:  3 (5)  God:
Gold:   87         SH:  8    Dex:  6 (9)  Spells: 1/1 levels left

rFire    . . .     SeeInvis .   a - +0 long sword
rCold    . . .     Faith    .   c - +0 kite shield
rNeg     . . .     Spirit   .   b - +0 scale mail
rPois    .         Reflect  .   (helmet restricted)
rElec    .         Harm     .   (no cloak)
rCorr    .         Rampage  .   (no gloves)
MR       .....                  (no boots)
Stlth    ..........             (no amulet)
HPRegen  0.09/turn              (no ring)
MPRegen  0.07/turn              (no ring)

@: brilliant, flying
A: retaliatory headbutt, horns 2
a: no special abilities


You were on level 2 of the Dungeon.
You visited 1 branch of the dungeon, and saw 2 of its levels.

You collected 87 gold pieces.

Inventory:

Hand Weapons
 a - a +0 long sword (weapon)
Armour
 b - a +0 scale mail (worn)
 c - a +0 kite shield (worn)
Scrolls
 g - 2 scrolls of identify {unknown}
 j - a scroll of teleportation {unknown}
 k - 2 scrolls of magic mapping {unknown}
 l - a scroll of fog {unknown}
Potions
 d - a potion of might
 f - a potion of degeneration


   Skills:
 + Level 3.7 Fighting
 + Level 2.6 Long Blades
 + Level 4.0 Armour
 + Level 0.1 Stealth
 + Level 3.9 Shields


You had one spell level left.
You didn't know any spells.
Your spell library was empty.

Dungeon Overview and Level Annotations

Branches:
Dungeon (2/15)

Altars:
Nemelex Xobeh
Uskayaw

Annotations:
D:2 Sigmund


Innate Abilities, Weirdness & Mutations

You reflexively headbutt those who attack you in melee.
You have a pair of horns on your head.


Message History

It was a potion of brilliance.
You feel clever all of a sudden. Something hits you.
It was a potion of flight.
You feel very buoyant.
You fly up into the air.
You feel better. Something hits you but does no damage.
You closely miss something. Your headbutt misses something. Something hits you!
You miss something.
You hear some strange, mumbled words.
A magic dart appears from out of thin air!
The magic dart hits you.
Your scale mail prevents you from hitting something.
Your headbutt misses something. Something hits you.
You miss something. Something hits you.
* * * LOW HITPOINT WARNING * * *
You closely miss something. You headbutt something.
Something hits you but does no damage.
You closely miss something. Something hits you.
You die...

..>...........#
#######.#####.#
#......##.#
#.#.##.##.#
#.#... ##.#
#.#.### #.#
#.#.# #.#
#.#######.#
#......{@.#
########### ###
..# ..# ..# ..#
..# ..#


There were no monsters in sight!

Vanquished Creatures
  A giant cockroach (D:2)
  A goblin (D:1)
  3 hobgoblins
  A ball python (D:2)
  2 bats
  2 frilled lizards (D:1)
  2 kobolds (D:2)
  A rat (D:2)
13 creatures vanquished.

Notes
Turn   | Place    | Note
-------+----------+-------------------------------------------
     0 | D:1      | Peloso the Minotaur Fighter began the quest for the Orb.
     0 | D:1      | Reached XP level 1. HP: 19/19 MP: 0/0
   970 | D:2      | Reached XP level 2. HP: 27/27 MP: 1/1
   975 | D:2      | Reached skill level 4 in Armour
  1106 | D:2      | Found a sparkling altar of Nemelex Xobeh.
  1107 | D:2      | Found a hide-covered altar of Uskayaw.
  1163 | D:2      | Noticed Sigmund
  1182 | D:2      | Slain by Sigmund

Illustrated notes

Levels and vault maps discovered:
D:1:      psy_arrival_terrarium, layout_basic, minmay_hedge_maze
D:2:      layout_basic, grunt_temple_overflow_open, trog_book, uniq_sigmund,
          uniq_terence

Skill      XL: |  1  2 |
---------------+-------+-----
Armour         | 4 |  4.0
Fighting       | |  3.7
Long Blades    | |  2.6
Stealth        | |  0.1
Shields        | |  3.9

Action                   || total
-------------------------++-------
Melee: Long sword        ||    40
       Headbutt          ||     5
  Use: Potion            ||     5
Armor: Scale mail        ||    12
Dodge: Dodged            ||    14
Block: Kite shield       ||    20
       Rpst.: Long sword ||     3

Table legend: (Time is in decaauts)
 A = Elapsed time spent in this place.
 B = Non-inter-level travel time spent in this place.
 C = Inter-level travel time spent in this place.
 D = Time resting spent in this place.
 E = Time spent auto-exploring this place.
 F = Levels seen in this place.
 G = Mean time per level.
                   A        B        C        D        E       F      G
               +--------+--------+--------+--------+--------+-----+--------+
         Total |   1194 |   1151 |     43 |      0 |   1024 |   2 |  597.0 |
       Dungeon |   1194 |   1151 |     43 |      0 |   1024 |   2 |  597.0 |
               +--------+--------+--------+--------+--------+-----+--------+

Top non-repeatable levels by time:
     D:1: 915 daAuts
     D:2: 278 daAuts
